 Dungeon Crawl Stone Soup version 0.29-a0-330-g52719c12eb (webtiles) character file.

Game seed: 3876055107098658190

1240 Crownlay the Cleaver (level 8, -1/66 HPs)
             Began as a Hill Orc Fighter on May 1, 2022.
             Was a Follower of Okawaru.
             Slain by a cyclops (15 damage)
             ... on level 6 of the Dungeon.
             The game lasted 00:07:55 (5965 turns).

Crownlay the Cleaver (Hill Orc Fighter)             Turns: 5965, Time: 00:07:55

Health: -1/66      AC: 13    Str: 21    XL:     8   Next: 49%
Magic:  11/11      EV:  7    Int: 11    God:    Okawaru [*.....]
Gold:   342        SH:  5    Dex: 10    Spells: 7/7 levels left

rFire   . . .      SeeInvis .   n - +0 war axe (flame)
rCold   + . .      Faith    .   c - +0 buckler
rNeg    + + .      Spirit   .   B - +0 shadow dragon scales "Tuhi" {rN+ rCorr Int+3 Stlth++++}
rPois   .          Reflect  .   (no helmet)
rElec   .          Harm     .   q - +0 cloak
rCorr   +          Rampage  .   (no gloves)
Will    .....                   (no boots)
Stlth   ++........              (no amulet)
HPRegen 0.21/turn               k - ring of positive energy
MPRegen 0.12/turn               y - ring of protection from cold

@: mighty
A: no striking features
a: Renounce Religion, Heroism


You were on level 6 of the Dungeon.
You worshipped Okawaru.
Okawaru was aware of your devotion.
You visited 2 branches of the dungeon, and saw 7 of its levels.

You collected 342 gold pieces.

Inventory:

Hand Weapons
 n - a +0 war axe of flaming (weapon)
 v - a +2 trident of venom
Armour
 c - a +0 buckler (worn)
 q - a +0 cloak (worn)
 B - the +0 shadow dragon scales "Tuhi" (worn) {rN+ rCorr Int+3 Stlth++++}
   (You acquired it on level 6 of the Dungeon)

   Int:       It affects your intelligence (+3).
   rN:        It protects you from negative energy.
   rCorr:     It protects you from acid and corrosion.
   Stlth:     It makes you much more stealthy.
Jewellery
 k - a ring of positive energy (left hand)
 y - a ring of protection from cold (right hand)
 A - a ring of positive energy
Wands
 x - a wand of iceblast (7)
Scrolls
 e - a scroll of blinking
 g - 4 scrolls of enchant armour
 h - a scroll of brand weapon
 i - a scroll of holy word
 m - a scroll of magic mapping
 o - 4 scrolls of teleportation
 p - a scroll of enchant weapon
 r - 2 scrolls of fear
 C - a scroll of silence {unknown}
Potions
 a - a potion of ambrosia {unknown}
 d - 2 potions of flight {unknown}
 j - 2 potions of curing {unknown}
 l - a potion of haste {unknown}
 s - 3 potions of invisibility
 t - 2 potions of mutation {unknown}
 u - 3 potions of heal wounds {unknown}
 w - 2 potions of lignification {unknown}
 z - 2 potions of resistance {unknown}


   Skills:
 - Level 4.0 Fighting
 * Level 11.2 Axes
 - Level 3.2 Armour
 - Level 5.0 Shields
 + Level 4.8 Invocations


You had 7 spell levels left.
You didn't know any spells.
Your spell library contained the following spells:

 Spells                   Type           Power      Damage    Failure   Level
 Pain                     Necr           0%         1d4       99%         1
 Shock                    Conj/Air       0%         1d3       99%         1
 Ensorcelled Hibernation  Hex/Ice        0%         N/A       100%        2
 Passwall                 Tmut/Erth      0%         N/A       100%        2
 Conjure Flame            Conj/Fire      0%         6-21      100%        3
 Dazzling Flash           Conj/Hex       0%         N/A       100%        3
 Ignite Poison            Fire/Tmut/Pois 0%         N/A       100%        3
 Swiftness                Air            0%         N/A       100%        3
 Vampiric Draining        Necr           0%         2d6       100%        3
 Airstrike                Air            0%         N/A       100%        4
 Sticky Flame             Conj/Fire      0%         2d3       100%        4
 Agony                    Necr           0%         N/A       100%        5
 Silence                  Hex/Air        0%         N/A       100%        5
 Animate Skeleton         Necr           Unusable   N/A       N/A         1

Dungeon Overview and Level Annotations

Branches:
Dungeon (6/15)             Temple (1/1) D:5

Altars:
Ashenzari
Cheibriados
Dithmenos
Elyvilon
Makhleb
Okawaru
Qazlal
Ru
Sif Muna
Uskayaw
Vehumet
Xom

Annotations:
D:6 exclusion: cyclops


Message History

Press: ? - help, Dir - move target, f - you
Okay, then.
Press: ? - help, v - describe, . - travel The floor.
Nothing quivered!
Found a stone staircase leading up.
An iguana comes into view.
Found a scroll labelled UNYBRE YHEUTOM.
An iguana is nearby!
The iguana hisses angrily.
You barely miss the iguana.
The iguana bites you but does no damage.
You slash the iguana! You burn the iguana.
The iguana is severely wounded.
The iguana closely misses you.
You slash the iguana! You burn the iguana.
You kill the iguana!
Okawaru accepts your kill.
No target in view!
The cyclops shouts!
You hear an angry hiss.
A white imp comes into view.
You slash the cyclops! You burn the cyclops.
The cyclops is moderately wounded.
The cyclops hits you!
You hit the cyclops. You burn the cyclops.
The cyclops is moderately wounded.
You hit the cyclops but do no damage.
The cyclops is moderately wounded.
The cyclops hits you!!
You are too injured to fight recklessly!
You are too injured to fight recklessly!
You hit the cyclops but do no damage.
The cyclops is moderately wounded.
The cyclops hits you!
* * * LOW HITPOINT WARNING * * *
You feel very mighty all of a sudden.
You hit the cyclops. You burn the cyclops.
The cyclops is heavily wounded.
The cyclops hits you!
You die...

.....##.....###...####..... ##...
......##.....#......#......##†...
.....##..##..#...#..........>....
........###..#.# #..........#....
.....##........###........#......
....###.#####.###........ #......
>.......#.###...#....# . ........
...##.#...##.....C..###..........
...######.....##@#.....5.........
..## ##....######.=.<..........
...#####....######.......?.
#...#......................
#..###..........##....C....
##..##..).###...##.........
##.........###.###..#.....
#...#.#.#..##..####.....C.
##..#####...##.#.#.....


You could see a cyclops.

Vanquished Creatures
  Maggie (D:6)
  A water moccasin (D:5)
  A sky beast (D:6)
  2 ogres
  A phantom (D:5)
  A necrophage (D:5)
  A jelly (D:5)
  2 orc priests
  A hound (D:4)
  3 iguanas
  2 orc wizards
  3 gnolls (D:4)
  7 adders
  2 white imps (D:5)
  3 dart slugs
  19 orcs
  5 endoplasms
  2 giant cockroaches
  5 goblins
  9 hobgoblins
  2 jackals (D:5)
  7 quokkas
  6 ball pythons
  7 bats
  6 frilled lizards
  8 kobolds
  10 rats
117 creatures vanquished.

Notes
Turn   | Place    | Note
-------+----------+-------------------------------------------
     0 | D:1      | Crownlay the Hill Orc Fighter began the quest for the Orb.
     0 | D:1      | Reached XP level 1. HP: 19/19 MP: 1/1
    16 | D:1      | Reached skill level 3 in Axes
   319 | D:1      | Reached XP level 2. HP: 24/26 MP: 2/2
   469 | D:1      | Reached skill level 4 in Axes
   629 | D:1      | Reached XP level 3. HP: 20/31 MP: 3/3
  1020 | D:1      | Found a faded altar of an unknown god.
  1438 | D:2      | Reached skill level 5 in Axes
  1447 | D:2      | Reached XP level 4. HP: 14/40 MP: 4/4
  1667 | D:2      | Reached skill level 6 in Axes
  1829 | D:2      | Reached XP level 5. HP: 37/46 MP: 5/5
  2939 | D:4      | Noticed an ogre
  2943 | D:4      | Killed an ogre
  2944 | D:4      | Reached skill level 7 in Axes
  2944 | D:4      | Reached XP level 6. HP: 52/52 MP: 6/6
  3106 | D:4      | Reached skill level 8 in Axes
  3626 | D:4      | Found a shimmering altar of Xom.
  3991 | D:5      | Entered Level 5 of the Dungeon
  4034 | D:5      | Found a hide-covered altar of Uskayaw.
  4080 | D:5      | Found a staircase to the Ecumenical Temple.
  4130 | Temple   | Entered the Ecumenical Temple
  4309 | Temple   | Became a worshipper of Warmaster Okawaru
  4455 | D:5      | Reached XP level 7. HP: 43/59 MP: 7/7
  4589 | D:5      | Reached skill level 9 in Axes
  4589 | D:5      | Reached skill level 1 in Invocations
  4678 | D:5      | Reached skill level 5 in Shields
  4760 | D:5      | Reached * piety under Okawaru
  5267 | D:6      | Reached skill level 10 in Axes
  5267 | D:6      | Reached XP level 8. HP: 50/66 MP: 10/10
  5438 | D:6      | Identified a scroll of acquirement
  5577 | D:6      | Acquired the +0 shadow dragon scales "Tuhi" {rN+ rCorr
                  | Int+3 Stlth++++}
  5692 | D:6      | Noticed Maggie
  5707 | D:6      | Killed Maggie
  5708 | D:6      | Reached skill level 11 in Axes
  5909 | D:6      | Noticed a cyclops
  5965 | D:6      | Slain by a cyclops

Illustrated notes

Levels and vault maps discovered:
D:1:      roderic_chinese_lattice_arrival, layout_basic, basic_ecumenical_altar,
          minmay_tromino_mix6
D:2:      cheibrodos_pilgrimage, layout_basic
D:3:      layout_basic
D:4:      layout_loops_ring, marbit_many_paths, hex_tiny
D:5:      layout_loops_ring, kennysheep_mini, minmay_temple_entry_glassed_door,
          grunt_ministairs_10
D:6:      layout_cave_pools, old_standard_altar,
          nicolae_wu_jian_immortal_techniques, uniq_maggie
Temple:   compressed_dpeg_circular_temple

Skill      XL: |  1  2  3  4  5  6  7  8 |
---------------+-------------------------+-----
Axes           | 3 4 5 6 7 8 10 11 | 11.2
Fighting       | 4 |  4.0
Shields        | 4 5 |  5.0
Invocations    | 3 4 |  4.8
Armour         | |  3.2

Action                   |  1- 3 |  4- 6 |  7- 9 || total
-------------------------+-------+-------+-------++-------
Melee: War axe           |   106 |   151 |    91 ||   348
  Use: Scroll            |       |     9 |     4 ||    13
       Potion            |       |     1 |     1 ||     2
Armor: Scale mail        |    65 |    64 |    33 ||   162
       Shadow dragon sca |       |       |     3 ||     3
Dodge: Dodged            |    71 |    58 |    22 ||   151
Block: Buckler           |    18 |    27 |    21 ||    66

Table legend: (Time is in decaauts)
 A = Elapsed time spent in this place.
 B = Non-inter-level travel time spent in this place.
 C = Inter-level travel time spent in this place.
 D = Time resting spent in this place.
 E = Time spent auto-exploring this place.
 F = Levels seen in this place.
 G = Mean time per level.
                   A        B        C        D        E       F      G
               +--------+--------+--------+--------+--------+-----+--------+
         Total |   6031 |   5881 |    150 |      0 |   4949 |   7 |  861.6 |
       Dungeon |   5824 |   5701 |    123 |      0 |   4830 |   6 |  970.7 |
        Temple |    206 |    179 |     27 |      0 |    119 |   1 |  206.0 |
               +--------+--------+--------+--------+--------+-----+--------+

Top non-repeatable levels by time:
     D:1: 1305 daAuts
     D:2: 1184 daAuts
     D:4: 1156 daAuts
     D:5: 1055 daAuts
     D:6: 717 daAuts
     D:3: 405 daAuts
  Temple: 206 daAuts
